 Dungeon Crawl Stone Soup version 0.31-a0-965-g8a8ce12e04 (webtiles) character file.

Game seed: 7671315577877113589

52 Dirtsage the Insei (level 3, -3/24 HPs)
             Began as an Octopode Shapeshifter on Oct 27, 2023.
             Slain by a kobold
             ... wielding a +0 short sword
              (4 damage)
             ... on level 2 of the Dungeon.
             The game lasted 00:01:59 (465 turns).

Dirtsage the Insei (Octopode Shapeshifter)           Turns: 465, Time: 00:01:59

Health: -3/24      AC:  1    Str: 13    XL:     3   Next: 85%
Magic:  3/3        EV: 13    Int: 12    God:
Gold:   24         SH:  0    Dex: 13    Spells: 2/2 levels left

rFire   . .          .
                       - Unarmed
rCold   . . .        (no shield)
rNeg    . . .        (helmet currently unavailable)
rPois   .            (no amulet)
rElec   .            (no ring)
rCorr   .            (no ring)
SInv    .            (no ring)
Will    .....        (no ring)
Stlth   ++           (no ring)
HPRegen 0.24/turn    (no ring)
MPRegen 0.08/turn    (no ring)
                     (no ring)

%: no passive effects
@: beast-form, slowed, very slow
A: beast (slay +2), almost no armour, amphibious, 8 rings, camouflage 1,
gelatinous body 1, (nimble swimmer 1), tentacles
a: Begin Untransformation


You were on level 2 of the Dungeon.
You were a hulking beast.
You visited 1 branch of the dungeon, and saw 2 of its levels.

You collected 24 gold pieces.

Inventory:

Missiles
 g - 2 silver javelins
Armour
 f - a +0 hat
Talismans
 b - a beast talisman
 c - a flux talisman
 i - a beast talisman
Scrolls
 e - a scroll of revelation {unknown}
 h - a scroll of identify {unknown}
 j - a scroll of vulnerability {unknown}
Potions
 a - a potion of lignification
 d - 2 potions of brilliance {unknown}


   Skills:
 + Level 1.7 Fighting
 - Level 2.0 Dodging
 * Level 3.7 Unarmed Combat
 * Level 3.6 Shapeshifting


You had 2 spell levels left.
You didn't know any spells.
Your spell library contained the following spells:

 Spells                   Type           Power      Damage    Failure   Level
 Necrotise                Necr           0%         1d4       32%         1
 Vampiric Draining        Necr           0%         2d6       69%         3
 Agony                    Necr           0%         N/A       100%        5


Dungeon Overview and Level Annotations

Branches:
Dungeon (1/15)

Altars:


Innate Abilities, Weirdness & Mutations

You are a hulking beast.
Your limbs bulge with bestial killing power. (Slay +2)
You cannot wear most types of armour.
You are amphibious.
You can wear up to eight rings at the same time.
Your skin changes colour to match your surroundings (Stealth+).
Your rubbery body absorbs attacks. (AC +1, EV +1)
((You are camouflaged when in or above water. (Stealth+)))
You have tentacles for arms and can constrict up to eight enemies at once.


Message History

You kill the hobgoblin!
No target in view!
Natasha, Servant of Life and Death comes into view.
Found a stone staircase leading down.
An adder and a kobold come into view.
The helpless Natasha fails to defend herself.
You tentacle-slap Natasha but do no damage.
You grab Natasha. You constrict Natasha.
The adder hisses angrily.
Natasha stares at you and mumbles some strange words.
You feel yourself slow down.
You completely miss Natasha.
Natasha is lightly wounded.
You constrict Natasha. Natasha misses you.
You completely miss Natasha.
Natasha is moderately wounded.
You constrict Natasha. Natasha claws you.
The kobold hits you with a +0 short sword.
Natasha claws you!
* * * LOW HITPOINT WARNING * * *
You take 19 damage, and have 4/23 hp.
MASSIVE DAMAGE!!
You are too injured to fight recklessly!
You are too injured to fight recklessly!
Unknown command.
You tentacle-slap Natasha but do no damage.
You squeeze Natasha!
You kill Natasha!
Natasha screams in fury as she dies!
The kobold hits you with a +0 short sword.
* * * LOW HITPOINT WARNING * * *
The adder completely misses you.
You take 3 damage, and have 1/24 hp.
Unknown command.
Okay, then.
You closely miss the adder. You grab the adder. You squeeze the adder.
The adder is moderately wounded.
You constrict the adder. The adder barely misses you.
The kobold barely misses you. The adder closely misses you.
The kobold hits you with a +0 short sword.
You die...

###### [.....
#..^.## .
#....K####....
#.hS......
###.####....
#.....# .
#.#.#.# #
#.#.#...
##.######.#.#
...
..........#.#
....$
#####...###.#
.... #...# #>.
....


You could see an adder and a kobold.

Vanquished Creatures
  Natasha (D:2)
  A dart slug (D:1)
  2 bats (D:1)
  3 endoplasms (D:1)
  4 hobgoblins
  6 jackals (D:1)
  A ball python (D:1)
  A goblin (D:1)
  3 kobolds
22 creatures vanquished.

Notes
Turn   | Place    | Note
-------+----------+-------------------------------------------
     0 | D:1      | Dirtsage the Octopode Shapeshifter began the quest for the
                  | Orb.
     0 | D:1      | Reached XP level 1. HP: 13/13 MP: 1/1
    97 | D:1      | Reached XP level 2. HP: 1/18 MP: 2/2
   304 | D:1      | Found Zeossicw's Distillery.
   346 | D:1      | Reached XP level 3. HP: 23/23 MP: 3/3
   369 | D:1      | You fall into a shaft and drop 1 floor!
   457 | D:2      | Noticed Natasha
   464 | D:2      | Killed Natasha
   464 | D:2      | HP: 1/23 [kobold/+0 short sword (4)]
   465 | D:2      | Slain by a kobold

Illustrated notes

Levels and vault maps discovered:
D:1:      ebering_trefoil_twist, layout_loops_ring, serial_shops,
          nicolae_lakefront_shop, shop, shop, nicolae_square_shop
D:2:      layout_basic, basic_altar, chequers_serial_rivers_small_a,
          uniq_natasha, uniq_terence, uniq_crazy_yiuf_cottage, uniq_jessica

Action                     || total
---------------------------++-------
  Melee: Unarmed           ||    39
         Constrict         ||    10
         Tentacles         ||     8
   Stab: Sleeping          ||     6
 Armour: Skin              ||    16
  Dodge: Dodged            ||    16

Table legend: (Time is in decaauts)
 A = Elapsed time spent in this place.
 B = Non-inter-level travel time spent in this place.
 C = Inter-level travel time spent in this place.
 D = Time resting spent in this place.
 E = Time spent auto-exploring this place.
 F = Levels seen in this place.
 G = Mean time per level.
                   A        B        C        D        E       F      G
               +--------+--------+--------+--------+--------+-----+--------+
         Total |    463 |    463 |      0 |     26 |    326 |   2 |  231.5 |
       Dungeon |    463 |    463 |      0 |     26 |    326 |   2 |  231.5 |
               +--------+--------+--------+--------+--------+-----+--------+

Top non-repeatable levels by time:
     D:1: 366 daAuts
     D:2: 96 daAuts
